 Dungeon Crawl Stone Soup version 0.30.1-11-g7821555f0a (webtiles) character file.

Game seed: 548215248851881327

4333 KittyFluff the Protected (level 10, -16/94 HPs)
             Began as a Gargoyle Berserker on Oct 28, 2023.
             Was an Elder of Trog.
             Killed from afar by a wretched star (19 damage)
             ... with a lance of force
             ... on level 2 of the Abyss.
             The game lasted 00:33:23 (7902 turns).

KittyFluff the Protected (Gargoyle Berserker)       Turns: 7902, Time: 00:33:24

Health: -16/94     AC: 19    Str: 25    XL:     10   Next: 33%
Magic:  8/8        EV: 12    Int:  8    God:    Trog [****..]
Gold:   413        SH:  4    Dex:  9    Spells: 9/9 levels left

rFire   + . .        i - +2 whip (venom)
rCold   . . .        R - +0 buckler
rNeg    + . .        r - +2 leather armour {rF+}
rPois   ∞            s - +0 helmet
rElec   +            M - +0 cloak
rCorr   .            f - +0 pair of gloves
SInv    .            b - +0 pair of boots
Will    .....        (no amulet) Stlth
                     (no ring)
HPRegen 0.35/turn    (no ring)
MPRegen 0.11/turn

%: random rage (9%)
@: berserking, very quick
A: sickness immunity, AC +7, negative energy resistance 1, electricity
resistance, torment resistance 1, petrification resistance, [berserk 2], [low MP
2], [subdued magic 2]
a: Renounce Religion, Berserk, Trog's Hand, Brothers in Arms


You were on level 2 of the Abyss.
You worshipped Trog.
Trog was greatly pleased with you.
You visited 1 branch of the dungeon, and saw 8 of its levels.
You visited the Abyss 1 time.

You collected 413 gold pieces.

Inventory:

Hand Weapons
 c - a +0 sling
 i - a +2 whip of venom (weapon)
 w - a +0 mace of draining
 H - a +0 flail of protection
 U - a +3 flail of holy wrath
 X - a +5 spectral quarterstaff
Missiles
 p - 6 poisoned darts (quivered)
 q - 2 boomerangs
 x - a throwing net
 K - 5 atropa-tipped darts
Armour
 b - a +0 pair of boots (worn)
 f - a +0 pair of gloves (worn)
 r - a +2 leather armour of fire resistance (worn)
 s - a +0 helmet (worn)
 I - a +1 chain mail of fire resistance
 J - +0 steam dragon scales
 M - a +0 cloak (worn)
 P - an orb of light
 Q - a +8 chain mail of ponderousness
 R - a +0 buckler (worn)
Jewellery
 V - a ring of ice
Wands
 j - a wand of flame (75)
 n - a wand of iceblast (7)
 t - a wand of paralysis (22)
 E - a wand of polymorph (18)
 T - a wand of digging (3)
Scrolls
 a - 2 scrolls of enchant weapon {unknown}
 e - 3 scrolls of fog {unknown}
 g - 2 scrolls of vulnerability {unknown}
 l - a scroll of silence {unknown}
 m - 4 scrolls of teleportation
 y - 4 scrolls of identify {unknown}
 B - a scroll of blinking {unknown}
 C - a scroll of enchant armour {unknown}
 D - a scroll of torment {unknown}
 F - a scroll of brand weapon {unknown}
 O - a scroll of amnesia {unknown}
 S - a scroll of magic mapping {unknown}
 W - a scroll of poison {unknown}
Potions
 d - 3 potions of brilliance {unknown}
 h - 6 potions of curing {unknown}
 k - 3 potions of flight {unknown}
 o - 4 potions of haste {unknown}
 u - a potion of resistance
 v - 3 potions of degeneration {unknown}
 z - 2 potions of attraction {unknown}
 A - 2 potions of cancellation {unknown}
 G - 5 potions of heal wounds {unknown}
 N - 2 potions of might {unknown}


   Skills:
 + Level 7.3 Fighting
 * Level 9.0 Maces & Flails
 * Level 9.4 Armour
 + Level 5.1 Dodging
 + Level 2.3 Shields


You had 9 spell levels left.
You didn't know any spells.
Your spell library was empty.

Dungeon Overview and Level Annotations

Branches:
Dungeon (8/15)             Temple (0/1) D:7
   Lair: D:8-11

Altars:
Cheibriados
Fedhas
Hepliaklqana
Kikubaaqudgha
Nemelex Xobeh
Okawaru
Qazlal
Ru
Sif Muna
Trog
Zin
The Shining One


Innate Abilities, Weirdness & Mutations

You are immune to sickness and miasma.
Your stone body is resilient. (AC +7)
You are immune to poison.
You resist negative energy. (rN+)
You are resistant to electric shocks. (rElec)
You are resistant to unholy torment.
You are immune to petrification.
[You have an uncontrollable temper.]
[Your magical capacity is very low. (-20% MP)]
[Your spells are easier to cast, but less powerful.]


Message History

The wretched star pulses with an eldritch light!
Your connection to magic feels subdued.
Your connection to magic feels more subdued.
The wretched star glows turbulently.
The lance of force misses you.
You hit the wretched star but do no damage.
You hit the wretched star but do no damage.
The wretched star pulses with an eldritch light!
You feel a little pissed off.
You feel extremely angry at everything!
You hit the wretched star.
The wretched star is lightly damaged.
You hit the wretched star.
The wretched star is lightly damaged.
You hit the wretched star but do no damage.
The wretched star is lightly damaged.
You hit the wretched star.
The wretched star is lightly damaged.
You hit the wretched star.
The wretched star is lightly damaged.
You hit the wretched star but do no damage.
The wretched star is lightly damaged.
The wretched star glows turbulently.
The lance of force hits you.
You are knocked back by the lance of force.
You slam into the stone wall!
The wretched star glows turbulently.
The lance of force hits you!!
You are knocked back by the lance of force.
You slam into the stone wall!
The wretched star glows turbulently.
The lance of force hits you!!
* * * LOW HITPOINT WARNING * * *
You are knocked back by the lance of force.
You slam into the stone wall!
* * * LOW HITPOINT WARNING * * *
A red film seems to cover your vision as you go berserk!
You feel yourself moving faster!
You feel mighty!
The wretched star glows turbulently.
The lance of force hits you!!
You die...

#......#.#...
#..## #.###..
. .. #..#.#
###.#..## #.
#....#
##.##*..#.#
#....#.#.#..
#..@..### #.
#.#.### .#
#####


You could see a wretched star.

Vanquished Creatures
  A cyclops (D:8)
  Joseph (D:8)
  Grinder (D:6)
  A hornet (D:8)
  A wyvern (D:8)
  Sigmund (D:5)
  2 steam dragons
  Edmund (D:6)
  A water moccasin (D:6)
  Duvessa (D:5)
  2 ice beasts (D:5)
  2 sky beasts (D:7)
  A black bear (D:4)
  3 ogres
  2 phantoms (D:5)
  Blork the orc (D:5)
  2 bullfrogs (D:8)
  2 gnoll sergeants
  2 scorpions
  Dowan (D:5)
  3 wights (D:8)
  A hound (D:3)
  A jelly (D:6)
  An orc priest (D:6)
  Crazy Yiuf (D:6)
  2 gnoll boudas
  A sleepcap (D:4)
  Jessica (D:2)
  7 iguanas
  An orc wizard (D:7)
  Robin (D:3)
  16 gnolls
  7 adders
  A shadow imp (D:7)
  3 white imps
  2 ufetubi
  4 dart slugs
  2 worms
  17 orcs
  3 ball pythons (D:4)
  3 bats
  8 endoplasms
  A giant cockroach (D:4)
  19 goblins
  4 hobgoblins
  6 jackals
  4 quokkas
  2 frilled lizards (D:3)
  10 kobolds
  6 rats
167 creatures vanquished.

Vanquished Creatures (others)
  A golden eye (Abyss:2)
  A jelly (D:7)
2 creatures vanquished.

Grand Total: 169 creatures vanquished

Notes
Turn   | Place    | Note
-------+----------+-------------------------------------------
     0 | D:1      | KittyFluff the Gargoyle Berserker began the quest for the
                  | Orb.
     0 | D:1      | Reached XP level 1. HP: 14/14 MP: 1/1
    85 | D:1      | You fall into a shaft and drop 1 floor!
   349 | D:1      | Reached XP level 2. HP: 19/19 MP: 2/2
   688 | D:2      | Noticed Jessica
   704 | D:2      | Killed Jessica
   705 | D:2      | Reached XP level 3. HP: 3/23 MP: 3/3
  1057 | D:2      | Reached XP level 4. HP: 29/29 MP: 4/4
  1538 | D:3      | Found an ancient bone altar of Kikubaaqudgha.
  1560 | D:3      | Reached XP level 5. HP: 22/33 MP: 5/5
  1605 | D:3      | Found a sparkling altar of Nemelex Xobeh.
  1612 | D:3      | Reached ** piety under Trog
  1954 | D:3      | Noticed Robin
  1968 | D:3      | Killed Robin
  2410 | D:4      | Noticed an ogre
  2415 | D:4      | Noticed a black bear
  2432 | D:4      | Killed an ogre
  2433 | D:4      | Reached XP level 6. HP: 9/39 MP: 6/6
  2443 | D:4      | Killed a black bear
  2567 | D:4      | Found a blossoming altar of Fedhas.
  2627 | D:4      | Found a sacrificial altar of Ru.
  2627 | D:4      | Found an iron altar of Okawaru.
  2627 | D:4      | Found a glowing silver altar of Zin.
  2627 | D:4      | Found a hazy altar of Hepliaklqana.
  2639 | D:4      | Found a snail-covered altar of Cheibriados.
  2639 | D:4      | Found a bloodstained altar of Trog.
  2887 | D:4      | Reached *** piety under Trog
  2888 | D:4      | Reached XP level 7. HP: 33/44 MP: 7/7
  3086 | D:4      | Reached skill level 5 in Maces & Flails
  3296 | D:5      | Entered Level 5 of the Dungeon
  3308 | D:5      | Reached skill level 5 in Armour
  3612 | D:5      | Noticed a fire elemental
  3614 | D:5      | Found a stormy altar of Qazlal.
  3616 | D:5      | Noticed an air elemental
  3616 | D:5      | Noticed Duvessa
  3639 | D:5      | Noticed Dowan
  3644 | D:5      | Killed Duvessa
  3645 | D:5      | Reached skill level 5 in Fighting
  3653 | D:5      | Killed Dowan
  3757 | D:5      | Noticed a water elemental
  3830 | D:5      | Noticed Sigmund
  3851 | D:5      | Killed Sigmund
  3852 | D:5      | Reached XP level 8. HP: 47/49 MP: 8/8
  3930 | D:5      | Noticed Blork the orc
  3941 | D:5      | Killed Blork the orc
  4425 | D:5      | Found a shimmering blue altar of Sif Muna.
  4456 | D:6      | Noticed Grinder
  4456 | D:6      | Noticed Edmund
  4721 | D:6      | Reached XP level 9. HP: 45/55 MP: 9/9
  4900 | D:6      | Killed Edmund
  5250 | D:6      | Paralysed by Grinder for 2 turns
  5276 | D:6      | Killed Grinder
  5360 | D:6      | Found a runed translucent door.
  5361 | D:6      | Noticed Crazy Yiuf
  5368 | D:6      | Killed Crazy Yiuf
  5494 | D:7      | Found a glowing golden altar of the Shining One.
  5555 | D:7      | Reached **** piety under Trog
  5963 | D:7      | Found a sand-covered staircase.
  6464 | D:7      | Found a staircase to the Ecumenical Temple.
  6672 | D:8      | Noticed a hornet
  6685 | D:8      | Killed a hornet
  6686 | D:8      | Reached skill level 1 in Shields
  6706 | D:8      | Reached XP level 10. HP: 26/63 MP: 10/10
  7022 | D:8      | Noticed a cyclops
  7036 | D:8      | Killed a cyclops
  7037 | D:8      | Reached skill level 5 in Dodging
  7507 | D:8      | Noticed Joseph
  7526 | D:8      | Killed Joseph
  7808 | Abyss:2  | Cast into level 2 of the Abyss (gnoll sergeant)
  7832 | Abyss:2  | Found a corrupted altar of Lugonu.
  7832 | Abyss:2  | Found a corrupted altar of Lugonu.
  7834 | Abyss:2  | Noticed a smoke demon
  7884 | Abyss:2  | Noticed a wretched star
  7901 | Abyss:2  | HP: 1/63 [stone wall collision (7)]
  7902 | Abyss:2  | Killed from afar by a wretched star

Illustrated notes

Levels and vault maps discovered:
D:1:      dpeg_arrival_prison, layout_rooms, dk_noncrumbling_3
D:2:      layout_loops_ring, uniq_jessica
D:3:      layout_loops_cross, kiku_gazebo_garden_becter,
          nemelex_dance_club_becter, minmay_unequal, uniq_robin
D:4:      layout_gridville, minmay_overflow_temple_hex, fedhas_altar_3
D:5:      layout_layer_cave, led_sif_book, nicolae_qazlal_style_of_elements,
          uniq_blork_the_orc, uniq_sigmund, uniq_duvessa
D:6:      layout_basic, nicolae_kite_square_tiling_tiny, uniq_grinder,
          uniq_edmund, uniq_crazy_yiuf_cottage
D:7:      layout_basic, mainiacjoe_overflow_surrounded_room,
          minmay_temple_entry_enclosed_plants,
          nicolae_ossuary_entry_false_entrances
D:8:      minmay_inner_zag, layout_rooms, minivault_21, roderic_roman_lattice,
          grunt_decor_clamped, uniq_joseph
Abyss:2:  base: D:4, hangedman_eye_storm, hangedman_abyss_monster_moat

Skill      XL: |  1  2  3  4  5  6  7  8  9 10 |
---------------+-------------------------------+-----
Armour         | 3 4 6 7 8 9 |  9.4
Dodging        | 2 3 4 5 |  5.1
Maces & Flails | 4 6 7 8 9 |  9.0
Fighting       | 4 5 6 7 |  7.3
Shields        | 1 2 |  2.3

Action                     |  1- 3 |  4- 6 |  7- 9 | 10-12 || total
---------------------------+-------+-------+-------+-------++-------
  Melee: Mace              |    61 |   151 |       |       ||   212
         Punch             |     1 |     1 |     5 |       ||     7
         Whip              |       |    86 |   436 |    92 ||   614
  Throw: Dart              |       |       |       |     5 ||     5
 Invoke: Berserk           |     1 |     1 |     1 |     2 ||     5
  Evoke: Wand              |       |       |       |     1 ||     1
    Use: Scroll            |       |       |     1 |       ||     1
 Armour: Leather armour    |    15 |    84 |   144 |    27 ||   270
         Animal skin       |     1 |       |       |       ||     1
         Robe              |    12 |    21 |       |       ||    33
  Dodge: Dodged            |    44 |   126 |   196 |    24 ||   390
  Block: Buckler           |       |       |     5 |     8 ||    13
